AoeStats
← Abadengo

Black Forest

510829963Analyzed
4v4 RM · 21h ago on Oct 2, 2026· 40m 30s· 8 players
Game mode
Random Map
Map size
Large (8 player)
Population
200
Speed
Normal
Resources
Standard
Victory
Conquest
Starting age
Dark Age
Ending age
Imperial Age
RankedLock teamsTeams togetherTeam positionsShared explorationLock speedFull tech treeHidden civsTurbo modeCheats
Victory
Defeat
🇹🇷 Mongols · Türkiye
1394
+13
🇨🇳 Gurjaras · China
1377
+14
🇩🇪 Burgundians · Germany
1373
+14
🇩🇪 Danes · Germany
1345
+15
🇵🇪 Mongols · Peru
1370
-15
🇨🇴 Japanese · Colombia
1341
-14
🇦🇪 Byzantines · United Arab Emirates
1330
-14
🇩🇪 Khmer · Germany
1297
-13
Sebasky
10:59 Feudal Age
14:49 Castle Age
13:06 Fishing Lines
13:30 Double-Bit Axe
15:29 Loom
27:29 Gillnets
28:41 Bow Saw
33:10 Imperial Age
31:33 Wheelbarrow
34:23 Masonry
33:56 Treadmill Crane
35:18 Chemistry
34:19 Guard Tower
34:15 Arrowslits
35:17 Masonry
34:53 Arrowslits
35:30 Conscription
34:32 Elite Samurai
36:03 Yasama
35:24 Elite Samurai
37:26 Fletching
37:36 Padded Archer Armor
38:15 Keep
38:00 Ballistics
38:05 Caravan
38:36 Coinage
38:18 Bodkin Arrow
39:08 Heavy Cavalry Archer
40:14 Parthian Tactics
39:55 Thumb Ring
39:52 Bracer
40:26 Leather Archer Armor
pirate.king7
1:39 Loom
13:45 Feudal Age
16:28 Castle Age
14:45 Double-Bit Axe
15:25 Horse Collar
15:37 Gold Mining
20:38 Bloodlines
22:58 Scale Barding Armor
23:15 Bow Saw
25:58 Husbandry
30:11 Wheelbarrow
30:57 Chain Barding Armor
33:48 Fortified Wall
34:46 Hand Cart
40:59 Imperial Age
Abadengo
0:42 Loom
12:59 Feudal Age
17:53 Castle Age
16:10 Double-Bit Axe
17:40 Fishing Lines
21:23 Wheelbarrow
22:21 Gillnets
22:55 Bow Saw
24:30 Hand Cart
26:43 Fortified Wall
26:38 Horse Collar
27:30 Heavy Plow
28:32 Gold Mining
29:08 Ballistics
28:31 Treadmill Crane
32:23 Imperial Age
30:51 Scale Barding Armor
30:57 Forging
31:17 Husbandry
32:53 Gold Shaft Mining
32:47 Chain Barding Armor
33:02 Iron Casting
32:36 Capped Ram
32:41 Capped Ram
32:46 Cavalier
34:28 Coinage
33:50 Siege Ram
34:10 Paladin
35:28 Plate Barding Armor
36:43 Squires
37:30 Banking
37:33 Conscription
37:50 Pikeman
38:03 Heavy Camel Rider
38:42 Halberdier
DarkOrsted
10:32 Feudal Age
11:37 Feudal Age
13:44 Double-Bit Axe
16:03 Castle Age
14:01 Horse Collar
16:03 Loom
17:21 Bow Saw
22:23 Fervor
24:46 Wheelbarrow
24:03 Gold Mining
24:04 Stone Mining
26:45 Heavy Plow
27:21 Gold Shaft Mining
27:21 Stone Shaft Mining
27:32 Hand Cart
27:47 Town Watch
31:56 Imperial Age
29:19 Fletching
29:29 Padded Archer Armor
30:08 Bodkin Arrow
30:14 Padded Archer Armor
31:45 Ballistics
31:45 Leather Archer Armor
31:34 Town Patrol
32:42 Bracer
33:44 Chemistry
33:17 Drill
32:43 Elite Mangudai
33:45 Conscription
34:16 Masonry
34:38 Bloodlines
34:28 Husbandry
34:02 Capped Ram
34:52 Onager
34:54 Siege Ram
37:37 Murder Holes
Szorinx
0:33 Loom
11:28 Feudal Age
10:45 Double-Bit Axe
10:44 Horse Collar
18:44 Castle Age
18:40 Bow Saw
18:14 Fishing Lines
23:24 Gillnets
24:51 Town Watch
27:48 Wheelbarrow
29:08 Two-Man Saw
29:27 Fortified Wall
33:07 Imperial Age
32:13 Masonry
32:22 Scale Barding Armor
32:27 Forging
32:08 Fletching
32:40 Ballistics
32:32 Careening
32:49 Gold Mining
33:34 Padded Archer Armor
33:57 Chain Barding Armor
33:43 Husbandry
34:59 Chemistry
34:34 Hand Cart
34:56 Gold Shaft Mining
34:16 Stone Mining
34:57 Conscription
35:47 Leather Archer Armor
35:41 Bodkin Arrow
36:22 Iron Casting
37:45 Bracer
38:26 Plate Barding Armor
38:51 Blast Furnace
38:27 Caravan
38:37 Guilds
39:06 Architecture
38:23 Elite Coustillier
NotADuck
2:02 Loom
12:19 Feudal Age
12:58 Double-Bit Axe
23:55 Castle Age
24:55 Light Cavalry
30:12 Heated Shot
37:31 Imperial Age
35:57 Wheelbarrow
35:56 Bow Saw
37:04 Scale Mail Armor
37:15 Forging
37:05 Murder Holes
38:34 Onager
Nghtly
4:07 Loom
10:33 Feudal Age
12:06 Double-Bit Axe
17:41 Castle Age
16:32 Horse Collar
19:41 Bow Saw
22:03 Gold Mining
28:38 Imperial Age
26:44 Wheelbarrow
25:55 Town Watch
26:51 Fishing Lines
27:15 Fletching
27:56 Ballistics
27:48 Thumb Ring
28:24 Bodkin Arrow
29:01 Bloodlines
28:51 Husbandry
28:54 Stone Mining
29:58 Bracer
30:14 Padded Archer Armor
32:38 Leather Archer Armor
33:50 Gold Shaft Mining
33:54 Stone Shaft Mining
34:15 Parthian Tactics
34:16 Conscription
36:04 Chemistry
34:33 Capped Ram
35:26 Heavy Plow
35:20 Gillnets
36:06 Drill
35:46 Elite Mangudai
36:51 Hand Cart
36:37 Siege Ram
38:02 Caravan
帝国新手
3:43 Loom
10:24 Feudal Age
11:08 Double-Bit Axe
17:21 Castle Age
16:32 Fishing Lines
17:13 Horse Collar
17:25 Gold Mining
18:22 Horse Collar
19:02 Bow Saw
21:19 Gillnets
21:17 Horse Collar
22:24 Wheelbarrow
25:02 Heavy Plow
28:12 Imperial Age
27:30 Hand Cart
27:37 Scale Barding Armor
27:42 Forging
28:34 Bloodlines
28:25 Husbandry
28:48 Chain Barding Armor
29:55 Chemistry
28:33 Heavy Camel Rider
29:51 Iron Casting
31:39 Ballistics
31:58 Plate Barding Armor
31:58 Crop Rotation
32:16 Gold Mining
33:11 Kshatriyas
33:29 Frontier Guards
34:33 Town Watch
35:45 Conscription
35:52 Caravan
Connection lost

Rejoining the realm…

Still unreachable

The connection could not be restored.

Session expired

The server has moved on; the page needs a fresh start.